 Dungeon Crawl Stone Soup version 0.21-a0-229-g3587535 (webtiles) character file.

12 mopl the Skirmisher (level 2, 16/26 HPs)
             Began as a Gnoll Berserker on Sept 1, 2017.
             Was a Follower of Trog.
             Got out of the dungeon alive.
             The game lasted 00:00:39 (140 turns).

mopl the Skirmisher (Gnoll Berserker)                Turns: 140, Time: 00:00:40

Health: 16/26      AC:  5    Str:  7    XL:     2   Next: 33%
Magic:  2/2        EV: 10    Int:  7    God:    Trog [*.....]
Gold:   0          SH:  0    Dex:  7    Spells: 1/1 levels left

rFire    . . .     SeeInvis .   a - +0 spear
rCold    . . .     Gourm    .   (no shield)
rNeg     . . .     Faith    .   e - +0 ring mail
rPois    .         Spirit   .   (no helmet)
rElec    .         Reflect  .   (no cloak)
rCorr    .         Harm     .   (no gloves)
MR       .....                  (no boots)
Stlth    ..........             (no amulet)
HPRegen  0.08/turn              (no ring)
MPRegen  0.08/turn              (no ring)

@: berserk cooldown, slowed, very slow
A: unchanging attributes, fangs 1, strong nose
a: Berserk, Burn Spellbooks, Renounce Religion


You escaped.
You worshipped Trog.
Trog was aware of your devotion.
You were not hungry.

You visited 1 branch of the dungeon, and saw 1 of its levels.

Inventory:

Hand Weapons
 a - a +0 spear (weapon)
Armour
 e - a +0 ring mail (worn)
Scrolls
 b - a scroll of enchant weapon {unknown}
 d - a scroll of blinking {unknown}
Potions
 g - a potion of resistance {unknown}
Comestibles
 c - 2 bread rations
 f - a royal jelly


   Skills:
 + Level 4.4 Fighting
 * Level 4.2 Polearms
 + Level 0.3 Throwing
 + Level 2.6 Armour
 + Level 3.0 Dodging


You had one spell level left.
You didn't know any spells.

Dungeon Overview and Level Annotations

Branches:
Dungeon (1/15)

Altars:


Innate Abilities, Weirdness & Mutations

Your physical attributes are unchanging.
You have very sharp teeth.
Your uncanny sense of smell can sniff out nearby items.


Message History

You feel yourself slow down.
You see here a club.
A rat comes into view.
You can't go up here!
Attack whom?
Press: ? - help, Dir - move target cursor, f - rat
Aim: a rat (hasn't noticed you)
You reach to attack!
You closely miss the rat. The rat bites you but does no damage.
You hit the rat but do no damage. The rat barely misses you.
You closely miss the rat. You bite the rat, but do no damage.
The rat bites you but does no damage.
You hit the rat.
You kill the rat!
Trog accepts your kill.
There is a staircase leading out of the dungeon here.
Are you sure you want to leave the Dungeon?
This will make you lose the game!
Alright, then stay!
Are you sure you want to leave the Dungeon?
This will make you lose the game!
You have escaped!

#.#...##..###
#..........#
##########.######
#≈≈≈≈♣.♣≈≈≈≈#
#≈...♣.♣...≈# ∆
#≈.P.....P.≈#
#≈PPP...PPP≈#
.#♣.P.....P.♣#.
..≈....@....≈..#
..#♣.♣.....P.♣###
# #≈♣♣♣...PPP≈#
#≈ .....P.≈# #
≈≈♣≈♣≈≈≈≈#
####.###### ∆...
∆ ...


There were no monsters in sight!

Vanquished Creatures
  A dart slug (D:1)
  2 bats (D:1)
  2 goblins (D:1)
  A hobgoblin (D:1)
  2 frilled lizards (D:1)
  A kobold (D:1)
  2 rats (D:1)
11 creatures vanquished.

Notes
Turn   | Place    | Note
-------+----------+-------------------------------------------
     0 | D:1      | mopl the Gnoll Berserker began the quest for the Orb.
     0 | D:1      | Reached XP level 1. HP: 19/19 MP: 1/1
    82 | D:1      | Reached XP level 2. HP: 17/26 MP: 2/2
   105 | D:1      | Reached skill level 3 in Dodging
   140 | D:$      | Got out of the dungeon alive.

Vault maps used:
D:1:      ldierk_walled_garden, hex_medium, st_stairs_14, minmay_split_cup_small

Skill      XL: |  1  2 |
---------------+-------+-----
Dodging        | 3 |  3.0
Fighting       | |  4.4
Polearms       | |  4.2
Throwing       | |  0.3
Armour         | |  2.6

Action                   || total
-------------------------++-------
Melee: Spear             ||    43
       Bite              ||     2
Invok: Berserk           ||     1
Armor: Ring mail         ||     7
       Animal skin       ||     3
Dodge: Dodged            ||    17

Table legend:
 A = Spawn XP
 B = Non-spawn XP
 C = Spawn XP percentage of total XP
 D = Spawn monster count
 E = Non-spawn monster count
 F = Spawn count percentage of total count
 G = Total turns spent on level
                    A         B        C        D         E        F      G
               +---------+---------+-------+---------+---------+-------+---------
         Total |       1 |      17 |   5.6 |       1 |      10 |   9.1 |   140
               +---------+---------+-------+---------+---------+-------+---------
           D:1 |       1 |      17 |   5.6 |       1 |      10 |   9.1 |   140
               +---------+---------+-------+---------+---------+-------+---------
